Cogmind - Beta 14 @@@ ROGUE MODE // 2024.11.23 @ 14:25:53 Player: WazdakkaGutsmek Result: Destroyed self with Mini Grenade Launcher Performance ------------- Evolutions (0) 0 Regions Visited (2) 400 Robots Destroyed (32) 160 Value Destroyed (790) 790 Prototype IDs (0) 0 Alien Tech Used (0) 0 Bonus (0) 0 TOTAL SCORE: 1350 Bonus ------- None Cogmind --------- Core Integrity 0/250 Matter 134/300 Energy 100/100 System Corruption 1% Temperature Cool (0) Movement Core (400) Ox7 Location -10/Subcaves Parts ------- > --- POWER (1) -------- (None) > --- PROPULSION (2) --- (None) > --- UTILITY (2) ------ Large Storage Unit > --- WEAPON (2) ------- Light Cannon Mini Grenade Launcher > --- INVENTORY (15) --- Large Matter Pod (150) Large Matter Pod (150) EM Shotgun EM Shotgun Light Cannon Mini Grenade Launcher Peak State ------------ > --- POWER ------------ Ion Engine > --- PROPULSION ------- Light Treads Light Treads > --- UTILITY ---------- Small Storage Unit Light Armor Plating > --- WEAPON ----------- EM Shotgun EM Shotgun > --- INVENTORY -------- Light Ion Engine EM Shotgun EM Shotgun Light Cannon Mini Grenade Launcher Mini Grenade Launcher [Rating: 10] Favorites ----------- Power Ion Engine Engine Ion Engine Propulsion Light Treads Treads Light Treads Leg Aluminum Leg Utility Large Storage Unit Device Tractor Beam Storage Large Storage Unit Protection Light Armor Plating Weapon Light Cannon Energy Gun EM Shotgun Energy Cannon Beam Cannon Ballistic Cannon Light Cannon Launcher Mini Grenade Launcher Build | -11 -10 -10 ------- Run | Yrd Mat Sub Slots Evolved . | . . . Power . | . . . Propulsion . | . . . Utility . | . . . Weapon . | . . . Parts Attached 23 | . 18 5 Power 2 | . . 2 Engine 2 | . . 2 Core . | . . . Reactor . | . . . Propulsion 4 | . 4 . Treads 4 | . 4 . Leg . | . . . Wheel . | . . . Hover . | . . . Flight . | . . . Utility 3 | . 3 . Device 1 | . 1 . Storage 1 | . 1 . Processor . | . . . Hackware . | . . . Protection 1 | . 1 . Artifact . | . . . Weapon 14 | . 11 3 Energy Gun 7 | . 7 . Energy Cannon 1 | . 1 . Ballistic Gun . | . . . Ballistic Cannon 4 | . 2 2 Launcher 2 | . 1 1 Special Weapon . | . . . Impact Weapon . | . . . Slashing Weapon . | . . . Piercing Weapon . | . . . Special Melee Weapon . | . . . Unidentified Prototypes . | . . . Parts Lost 6 | . 2 4 Power 2 | . 1 1 Propulsion 2 | . . 2 Utility 1 | . . 1 Weapon 1 | . 1 . Highest Loss Streak 2 | . 1 2 To Critical Strikes . | . . . Average Slot Usage (%) 76 | . 90 64 Engine 11 | . 13 9 Treads 13 | . 25 3 Leg 1 | . 2 . Device 5 | . 3 8 Storage 14 | . 14 14 Protection 2 | . 4 . Energy Gun 7 | . 17 . Ballistic Cannon 11 | . 7 15 Launcher 7 | . . 12 Peak Build Rating 10 | 5 10 10 Average Rating 7 | 4 8 6 On Entrance 6 | 6 4 9 Naked Turns . | . . . Heaviest Build 34 | 10 34 30 Greatest Support 40 | 20 40 40 Greatest Overweight (x) 9 | . 5 9 Average Overweight (x) 2 | . . 6 Largest Inventory Capacity 15 | 8 15 15 Average Capacity 13 | 8 12 15 Most Carried 9 | 6 9 8 Average Carried 6 | 6 6 6 Final Capacity 15 | 8 15 15 Final Carried 9 | 6 9 6 Class Distribution -------------------- 100% | Mutant Dominant Class ---------------- Mutant | -10/Materials Mutant | -10/Subcaves Resources | -11 -10 -10 ----------- Run | Yrd Mat Sub Matter Collected 1090 | 180 611 299 Remotely 612 | . 313 299 Salvage Created 913 | . 711 202 Parts 57 | . 43 14 Haulers Intercepted 1 | . 1 . Recyclers Shooed 2 | . 2 . Parts Field Recycled . | . . . Retrieved Matter . | . . . Parts Self-Destructed 9 | . . 9 Prevented . | . . . Kills | -11 -10 -10 ------- Run | Yrd Mat Sub Combat Hostiles Destroyed 20 | . 8 12 Guns 5 | . 5 . Cannons 4 | . 1 3 AOE 11 | . 2 9 Classes Destroyed 8 | . 7 1 Builder 4 | . 4 . Hauler 1 | . 1 . Recycler 4 | . 4 . Operator 1 | . 1 . Watcher 2 | . 2 . Swarmer 4 | . 3 1 Grunt 5 | . 5 . Subdweller 11 | . . 11 Best Kill Streak 5 | . 5 4 Combat Bots Only 4 | . 4 4 Max Kills in Single Turn 2 | . 1 2 Gunslinging . | . . . Exploded 2 | . 1 2 Melee . | . . . Uniques/NPCs Destroyed . | . . . Combat | -11 -10 -10 -------- Run | Yrd Mat Sub Hostile Shots Fired 90 | . 43 47 Missed 21 | . 9 12 Damage Taken 1119 | . 471 648 Core 254 | . 62 192 Absorbed by Shields . | . . . Core Remaining (%) 100 | 100 . . Volleys Fired 83 | . 41 42 Largest 2 | . 2 2 Hottest 90 | . 90 70 Shots Fired 149 | . 77 72 Gun 45 | . 45 . Cannon 83 | . 30 53 Launcher 21 | . 2 19 Special . | . . . Kinetic 83 | . 30 53 Thermal . | . . . Explosive 21 | . 2 19 Electromagnetic 45 | . 45 . Robot Hit Streak 18 | . 15 18 Robot Miss Streak 5 | . 5 2 Penetration Max . | . . . Secondary Targets . | . . . Shots Hit Robots 87 | . 50 37 Core Hits 48 | . 28 20 Critical Kills . | . . . Critical Parts Destroyed . | . . . Critical Strikes . | . . . Melee Attacks . | . . . Impact . | . . . Slashing . | . . . Piercing . | . . . Sneak Attacks . | . . . Combat Hostiles . | . . . Follow-up Attacks . | . . . Damage Inflicted 2483 | . 933 1550 Guns 442 | . 442 . Cannons 912 | . 324 588 Explosions 1129 | . 167 962 Melee . | . . . Ramming . | . . . Kinetic 912 | . 324 588 Thermal 167 | . 167 . Explosive 962 | . . 962 Electromagnetic 442 | . 442 . Impact . | . . . Slashing . | . . . Piercing . | . . . Highest Corruption 1 | . 1 1 Average Corruption 1 | . 1 1 Corruption Purged . | . . . Corruption Blocked . | . . . Effects 15 | . 5 10 Message Errors 4 | . . 4 Matter Fused 2 | . 1 1 Heat Flow Errors 1 | . 1 . Energy Discharges 3 | . 1 2 Data Loss (minor) 2 | . 1 1 Misfires 2 | . . 2 Weapon Failures 1 | . 1 . Overload Shots . | . . . Overflow Damage 43 | . 43 . Projectiles 15 | . 15 . Explosions 28 | . 28 . Melee . | . . . Knockbacks 9 | . 3 6 Impact . | . . . Kinetic 9 | . 3 6 Secondary . | . . . Self-Inflicted Damage 159 | . 74 85 Shots 5 | . 2 3 Rammed . | . . . Targets Rammed . | . . . Kicked . | . . . Crushed . | . . . Highest Temperature 295 | . 295 . Average Temperature 73 | . 73 . Received Heat Transfer 333 | . 174 159 Effects 2 | . 2 . Energy Bleed 1 | . 1 . Interference 1 | . 1 . Siege Activations . | . . . Robots Corrupted . | . . . Combat Hostiles . | . . . Parts Fried 3 | . 3 . Impact Corruptions . | . . . Robots Melted . | . . . Combat Hostiles . | . . . Parts Melted . | . . . Heat Transferred 300 | . 300 . Parts Sabotaged . | . . . Parts Stolen . | . . . Parts Stripped . | . . . Power Chain Reactions 3 | . 3 . Alert | -11 -10 -10 ------- Run | Yrd Mat Sub Peak Influence 272 | . 272 . Initial . | . . . Average 85 | . 88 . Maximum Alert Level 1 | . 1 . Low Security (%) 94 | 100 94 . Level 1 5 | . 5 . Level 2 . | . . . Level 3 . | . . . Level 4 . | . . . Level 5 . | . . . High Security . | . . . Max Security . | . . . Squads Dispatched 1 | . 1 . Investigation . | . . . Extermination . | . . . Reinforcement 1 | . 1 . Assault . | . . . Garrison . | . . . Intercept . | . . . Searches Triggered . | . . . Construction Impeded . | . . . Haulers Reinforced . | . . . Active Scanning Responses . | . . . Cargo Convoy Interrupts . | . . . Stealth | -11 -10 -10 --------- Run | Yrd Mat Sub Distress Signals 1 | . 1 . Communications Jammed . | . . . Distress Signals . | . . . Times Spotted 30 | . 14 16 Peak Tracking Total 5 | . 5 5 Tactical Retreats 1 | . . 1 Traps | -11 -10 -10 ------- Run | Yrd Mat Sub Traps Triggered 3 | . 3 . Indirectly . | . . . Trap Hack Attempts . | . . . Triggered . | . . . Disarmed . | . . . Reprogrammed . | . . . Reused . | . . . Traps Extracted . | . . . Installed . | . . . Triggered . | . . . Machines | -11 -10 -10 ---------- Run | Yrd Mat Sub Machines Disabled 2 | . 2 . Max in Single Turn 1 | . 1 . Machines Repaired . | . . . Machines Dismantled . | . . . Machines Sabotaged . | . . . Overloaded Fab Kills . | . . . Hacking | -11 -10 -10 --------- Run | Yrd Mat Sub Machines Accessed 3 | . 3 . Terminals 3 | . 3 . Fabricators . | . . . Repair Stations . | . . . Recycling Units . | . . . Scanalyzers . | . . . Garrison Access . | . . . Total Hacks 8 | . 8 . Successful 4 | . 4 . Failed 4 | . 4 . Catastrophic 1 | . 1 . Database Lockouts . | . . . Manual 7 | . 7 . Terminals 8 | . 8 . Fabricators . | . . . Repair Stations . | . . . Recycling Units . | . . . Scanalyzers . | . . . Garrison Access . | . . . Terminal Hacks 2 | . 2 . Maintenance Status 1 | . 1 . Transport Status 1 | . 1 . Fabricator Hacks . | . . . Repair Station Hacks . | . . . Recycling Unit Hacks . | . . . Scanalyzer . | . . . Garrison Access Hacks . | . . . Unauthorized Hacks 2 | . 2 . Terminals 2 | . 2 . Botnet 1 | . 1 . Skim 1 | . 1 . Fabricators . | . . . Repair Stations . | . . . Recycling Units . | . . . Scanalyzers . | . . . Garrison Access . | . . . Data Cores Recovered . | . . . Used . | . . . Hacking Detections 2 | . 2 . Full Trace Events . | . . . Feedback Events . | . . . Feedback Blocked . | . . . Robot Schematics Acquired . | . . . Robots Built . | . . . Authchips . | . . . Time . | . . . Total Robot Build Rating . | . . . Part Schematics Acquired . | . . . Parts Built . | . . . Authchips . | . . . Time . | . . . Total Part Build Rating . | . . . Parts Repaired . | . . . Time . | . . . Parts Recycled . | . . . Recycled Matter . | . . . Retrieved Matter . | . . . Retrieved Components . | . . . Parts Scanalyzed . | . . . Part Schematics Acquired . | . . . Parts Damaged . | . . . Bothacking | -11 -10 -10 ------------ Run | Yrd Mat Sub Used RIF Installer . | . . . Robots Hacked . | . . . Non-combat . | . . . Combat . | . . . Robot Hacks Applied . | . . . Relay Couplers Released . | . . . Fabnet Peak Effective % . | . . . Robots Rewired . | . . . Allies Hacked . | . . . Hacks Repelled . | . . . Allies | -11 -10 -10 -------- Run | Yrd Mat Sub Total Allies . | . . . Largest Group . | . . . Highest-Rated Group . | . . . Highest-Rated Ally . | . . . Total Orders . | . . . Ally Attacks . | . . . Total Damage . | . . . Kills . | . . . Allies Corrupted . | . . . Allies Melted . | . . . Intel | -11 -10 -10 ------- Run | Yrd Mat Sub Robot Analysis Total . | . . . Derelict Logs Recovered . | . . . Drone Launches . | . . . Drone Recoveries . | . . . Exploration | -11 -10 -10 ------------- Run | Yrd Mat Sub Turns Passed 2706 | 33 1195 1478 Spaces Moved 1002 | 27 641 334 Core 269 | . 1 268 Treads 624 | . 558 66 Legs 109 | 27 82 . Wheels . | . . . Hover . | . . . Flight . | . . . Fastest Speed 120 | 120 120 160 Average Speed 237 | 120 155 404 Slowest Speed 500 | 120 300 500 Overloaded Moves . | . . . Propulsion Burnouts . | . . . Robots Hopped . | . . . Cave-ins Triggered . | . . . Exploration Rate (%) 34 | 3 78 22 Regions Visited 2 Branch Regions 1 Pre-discovered Areas . | . . . Known Exits Taken . | . . . Unknown Exits Taken 2 | 1 1 . Scrap Searched 1 | . . 1 Spaces Dug . | . . . Terrain Destroyed 155 | . 23 132 Melee . | . . . Projectile . | . . . AOE 155 | . 23 132 Terrain Rammed . | . . . Walls Destroyed . | . . . Machines Disabled . | . . . Actions | -11 -10 -10 --------- Run | Yrd Mat Sub Total 1184 | 28 763 393 Wait 51 | . 43 8 Move 1000 | 26 640 334 Hop . | . . . Pick Up 11 | . 10 1 Fast Attach 8 | . 8 . Attach 7 | . 5 2 Detach 3 | . 3 . Swap 8 | . 5 3 Drop 13 | 2 8 3 Fire 83 | . 41 42 Melee . | . . . Ram . | . . . Kick . | . . . Crush . | . . . Escape Stasis . | . . . Rewire . | . . . Trap . | . . . Miscellaneous . | . . . Route ------- -11/Scrapyard -10/Materials (discovered 4 exits: [*Mat x2] / [*Min] / [*Sub]) -10/Subcaves (discovered 1 exit: [*Rec]) History --------- Turn | Location | Event 2 | -11/Scrapyard | Discovered new exit (range 3) 34 | -11/Scrapyard | Entered Materials 193 | -10/Materials | Discovered new exit (range 7) 317 | -10/Materials | Build established: Mutant 507 | -10/Materials | Discovered new exit (range 16) 788 | -10/Materials | Discovered new exit (range 6) 1209 | -10/Materials | Discovered new exit (range 10) 1229 | -10/Materials | Entered Subcaves 1379 | -10/Subcaves | Ambushed by Subdweller buried in earth 1385 | -10/Subcaves | Ambushed by Subdweller buried in earth 1413 | -10/Subcaves | Ambushed by Subdweller buried in earth 1413 | -10/Subcaves | Ambushed by Subdweller buried in earth 1416 | -10/Subcaves | Ambushed by Subdweller buried in earth 1912 | -10/Subcaves | Discovered new exit (range 15) 2082 | -10/Subcaves | Core integrity fell below 50% 2151 | -10/Subcaves | Core integrity fell below 20% 2707 | -10/Subcaves | Destroyed self with Mini Grenade Launcher Last Messages --------------- 02098_ CK-WU2(R) destroyed. 02162_ The unstable cave ceiling collapses. 02162_ XQ-X4D(R) destroyed. 02173_ The unstable cave ceiling collapses. 02288_ System corrupted: Energy discharge (-76). 02299_ Sub. Power Source shoots sparks and powers down. 02299_ Dropped Broken Sub. Power Source. 02302_ Subatomizers dissect the Broken Sub. Power Source. 02368_ TFJ2KUMM,QI<28NK & BCNW>K,VG02YU/G